Map: Romanticide LE

Players

MaNa

  • Race: Protoss Protoss

Lilbow - Winner!

  • Race: Protoss Protoss

Event: DreamHack SC2 Masters 2021 Winter

VOD

Have the link to the VOD?

Description

Time

  • Played on: Oct. 10, 2021, 11:18 a.m.
  • Length: 6:54

All games in this series

Show
View Real Time Build Order
Export as new Build Order

MaNa Protoss 

Build Orders: Phoenix Opening 

Get SALT Encoding   

  12  0:00  Probe  
  13  0:12  Probe  
  14  0:16  Pylon  
  14  0:24  Probe (Chrono Boost)  
  15  0:35  Gateway  
  15  0:37  Probe (Chrono Boost)  
  16  0:46  Assimilator, Probe (Chrono Boost)  
  17  0:51  Probe (Chrono Boost)  
  18  1:03  Probe (Chrono Boost)  
  19  1:05  Assimilator  
  19  1:10  Gateway  
  19  1:12  Probe (Chrono Boost)  
  19  1:18  Probe  
  20  1:24  Cybernetics Core  
  21  1:30  Probe  
  22  1:37  Pylon  
  22  1:42  Probe  
  23  1:58  Warp Gate (Chrono Boost)  
  23  2:01  Probe  
  23  2:02  Stalker  
  23  2:04  Sentry  
  27  2:14  Pylon  
  27  2:29  Stalker  
  27  2:32  Sentry  
  27  2:36  Probe  
  32  2:42  Phoenix  
  32  2:48  Probe  
  33  2:55  Nexus  
  33  2:59  Shield Battery  
  33  3:01  Probe  
  34  3:14  Probe  
  34  3:16  Pylon  
  35  3:23  Robotics Facility  
  35  3:26  Probe  
  36  3:39  Sentry x2  
  40  3:41  Gateway  
  40  3:45  Shield Battery  
  40  3:50  Shield Battery  
  40  3:58  Stalker  
  42  4:05  Stalker  
  38  4:15  Immortal (Chrono Boost)  
  38  4:25  Sentry  
  34  4:36  Zealot  
  34  4:37  Zealot  
  32  5:06  Probe  
  31  5:21  Immortal (Chrono Boost)  
  31  5:26  Pylon  
  27  5:32  Probe  
  16  6:03  Probe  
  17  6:24  Warp Prism (Chrono Boost)  
Show
View Real Time Build Order
Export as new Build Order

Lilbow Protoss - Winner!

Build Orders:  

Get SALT Encoding   

  12  0:00  Probe  
  13  0:12  Probe  
  14  0:16  Pylon  
  14  0:24  Probe (Chrono Boost)  
  15  0:36  Probe (Chrono Boost)  
  15  0:37  Gateway  
  16  0:44  Probe (Chrono Boost)  
  16  0:45  Assimilator  
  17  0:51  Probe  
  18  1:03  Probe (Chrono Boost)  
  19  1:04  Assimilator  
  19  1:10  Gateway  
  19  1:13  Probe (Chrono Boost)  
  19  1:18  Probe (Chrono Boost)  
  20  1:23  Cybernetics Core  
  21  1:29  Probe  
  22  1:35  Pylon  
  22  1:41  Probe  
  23  1:53  Probe  
  24  1:57  Warp Gate (Chrono Boost)  
  24  2:00  Stalker  
  26  2:04  Stalker  
  28  2:22  Pylon  
  28  2:27  Pylon  
  28  2:31  Stalker  
  30  2:39  Stalker  
  30  2:41  Gateway  
  32  2:53  Gateway  
  32  3:14  Pylon  
  32  3:32  Stalker x2  
  36  3:38  Stalker  
  38  3:49  Stalker  
  40  3:55  Stalker x2  
  42  4:14  Stalker x2  
  42  4:22  Stalker x2  
  40  4:37  Stalker x2  
  40  4:56  Stalker x2  
  42  5:05  Stalker x2  
  42  5:30  Sentry  
  42  5:31  Zealot x2  
  34  5:46  Stalker  
  32  5:52  Sentry  
  32  5:55  Sentry  
  36  6:06  Stalker  
  34  6:22  Stalker  
  34  6:23  Stalker, Zealot  
  38  6:46  Stalker  

Tags
 
Add a new tag
Caveats
  • Supply blocks, unpowered buildings, or Contaminate may cause inaccurate times.
  • Supply counts are checked every 10 seconds.